PBL
HOUSTON COLT .45'S @ MADISON BREWERS
10/04/2045
 
TOP OF THE 1ST
Amarillo ThunderHeads batting - Pitching for Madison Brewers : RHP Tom Wendel
Pitching: RHP Tom Wendel
Batting: SHB Tim Rogers 0-0: Ball
1-0: SINGLE (Line Drive, 8LS, EV 103.1 MPH)
Batting: SHB Zack Barton 0-0: Ball
1-0: Fielders Choice at 2nd, 4-6 (Groundball, 4, EV 76.9 MPH)
Batting: RHB Bryan Wheeler 0-0: Ball
Zack Barton steals 2nd base
1-0: 2-RUN HOME RUN (Flyball, 9D, EV 95.6 MPH), Distance : 386 ft
Batting: RHB Luis Reyna 0-0: Ball
1-0: Called Strike
1-1: Foul Ball, location: 2F
1-2: SOLO HOME RUN (Flyball, 9D, EV 100.0 MPH), Distance : 400 ft
Batting: RHB Jerry Foster 0-0: Called Strike
0-1: Ball
1-1: SINGLE (Groundball, 25, EV 66.2 MPH) (infield hit)
Batting: RHB Elias Sagrero 0-0: Ball
1-0: SINGLE (Groundball, 56S, EV 66.9 MPH) (infield hit)
Jerry Foster to second
Batting: RHB Luis Solorzano 0-0: Ball
1-0: Foul Ball, location: 2F
1-1: Foul Ball, location: 2F
1-2: Strikes out looking
Batting: RHB Ferdi Schipper 0-0: Fielders Choice at 2nd, 5-4 (Groundball, 5L, EV 102.5 MPH)
Top of the 1st over - 3 runs, 5 hits, 0 errors, 2 left on base; Amarillo 3 - Madison 0
BOTTOM OF THE 1ST
Madison Brewers batting - Pitching for Amarillo ThunderHeads : RHP Anastagio Fasola
Pitching: RHP Anastagio Fasola
Batting: SHB Aaron Neill 0-0: Foul Ball, location: 2F
0-1: Swinging Strike
0-2: Ball
1-2: Foul Ball, location: 2F
1-2: Foul Ball, location: 2F
1-2: Foul Ball, location: 2F
1-2: Ball
2-2: Ball
3-2: Ground out 6-3 (Groundball, 6, EV 88.1 MPH)
Batting: RHB Chris Fruit 0-0: Ball
1-0: Called Strike
1-1: Ball
2-1: SINGLE (Groundball, 25, EV 60.6 MPH) (infield hit)
Batting: LHB Steven Donovan 0-0: Called Strike
0-1: Swinging Strike
0-2: Ball
1-2: Foul Ball, location: 2F
1-2: Strikes out swinging
Batting: SHB Sam Bingham 0-0: Ball
1-0: Ball
Wild Pitch!
Chris Fruit to second
2-0: Called Strike
2-1: Ball
3-1: Base on Balls
Batting: SHB Ramon Perez 0-0: Ball
1-0: Foul Ball, location: 2F
1-1: Fly out, F8 (Flyball, 8LXD, EV 102.5 MPH)
Bottom of the 1st over - 0 runs, 1 hit, 0 errors, 2 left on base; Amarillo 3 - Madison 0
TOP OF THE 2ND
Amarillo ThunderHeads batting - Pitching for Madison Brewers : RHP Tom Wendel
Batting: SHB Tyler Romo 0-0: Ball
1-0: Fly out, F9 (Flyball, 89S, EV 95.0 MPH)
Batting: SHB Tim Rogers 0-0: Called Strike
0-1: Swinging Strike
0-2: Ball
1-2: Strikes out swinging
Batting: SHB Zack Barton 0-0: Foul Ball, location: 2F
0-1: Ball
1-1: Swinging Strike
1-2: Ball
2-2: Fly out, F5 (Popup, 56, EV 75.6 MPH)
Top of the 2nd over - 0 runs, 0 hits, 0 errors, 0 left on base; Amarillo 3 - Madison 0
BOTTOM OF THE 2ND
Madison Brewers batting - Pitching for Amarillo ThunderHeads : RHP Anastagio Fasola
Batting: RHB Herb McIntyre 0-0: Called Strike
0-1: Foul Ball, location: 2F
0-2: Ball
1-2: Ball
2-2: Ball
3-2: Ground out 6-3 (Groundball, 6, EV 89.4 MPH)
Batting: RHB Chris Riddel 0-0: Ground out U3 (Groundball, 34S, EV 64.4 MPH)
Batting: RHB Cameron Rattenbury 0-0: SINGLE (Groundball, 6MD, EV 108.1 MPH)
Batting: RHB Jesus Menjivar 0-0: Ball
Cameron Rattenbury is caught stealing 2nd base 2-4
Bottom of the 2nd over - 0 runs, 1 hit, 0 errors, 0 left on base; Amarillo 3 - Madison 0
TOP OF THE 3RD
Amarillo ThunderHeads batting - Pitching for Madison Brewers : RHP Tom Wendel
Batting: RHB Bryan Wheeler 0-0: Ball
1-0: Called Strike
1-1: Ball
2-1: Ball
3-1: SINGLE (Flyball, 78S, EV 93.1 MPH)
Batting: RHB Luis Reyna 0-0: Reached on error, E6 (Groundball, 6M, EV 81.9 MPH)
Bryan Wheeler to second
Batting: RHB Jerry Foster 0-0: Swinging Strike
0-1: Ball
1-1: Ball
2-1: Foul Ball, location: 2F
2-2: Ball
3-2: Base on Balls
Bryan Wheeler to third
Luis Reyna to second
Batting: RHB Elias Sagrero 0-0: Called Strike
0-1: Ball
1-1: DOUBLE (Line Drive, 7LS, EV 96.9 MPH)
Bryan Wheeler scores
Luis Reyna scores
Jerry Foster to third
Batting: RHB Luis Solorzano 0-0: Ball
1-0: Swinging Strike
1-1: Swinging Strike
1-2: Fly out, F6 (Popup, 6, EV 62.5 MPH)
Batting: RHB Ferdi Schipper 0-0: Ball
1-0: SINGLE (Groundball, 6MS, EV 68.8 MPH) (infield hit)
Jerry Foster scores
Elias Sagrero to third
Batting: SHB Tyler Romo 0-0: Called Strike
0-1: Fly out, F8 (Flyball, 8LM, EV 81.2 MPH)
Batting: SHB Tim Rogers 0-0: Swinging Strike
0-1: Ball
1-1: Foul Ball, location: 2F
1-2: Ball
2-2: Fielders Choice at 2nd, 6-4 (Groundball, 6, EV 86.2 MPH)
Top of the 3rd over - 3 runs, 3 hits, 1 error, 2 left on base; Amarillo 6 - Madison 0
BOTTOM OF THE 3RD
Madison Brewers batting - Pitching for Amarillo ThunderHeads : RHP Anastagio Fasola
Batting: RHB Jesus Menjivar 0-0: Called Strike
0-1: Foul Ball, location: 2F
0-2: Ground out 6-3 (Groundball, 6, EV 85.6 MPH)
Batting: SHB Aaron Neill 0-0: SINGLE (Groundball, 34S, EV 61.9 MPH) (infield hit)
Batting: RHB Chris Fruit 0-0: Ball
1-0: Fly out, F9 (Flyball, 9S, EV 94.4 MPH)
Batting: LHB Steven Donovan 0-0: Ball
1-0: Called Strike
Aaron Neill steals 2nd base
1-1: Foul Ball, location: 2F
1-2: Foul Ball, location: 2F
1-2: Ball
2-2: Foul Ball, location: 2F
2-2: Foul Ball, location: 2F
2-2: Ball
Wild Pitch!
Aaron Neill to third
3-2: TRIPLE (Flyball, 89XD, EV 106.9 MPH)
Aaron Neill scores
Batting: SHB Sam Bingham 0-0: TRIPLE (Line Drive, 9LD, EV 102.5 MPH)
Steven Donovan scores
Batting: SHB Ramon Perez 0-0: Called Strike
0-1: Ball
1-1: Ball
2-1: Foul Ball, location: 2F
2-2: Ball
Passed Ball!
Sam Bingham scores
3-2: Base on Balls
Batting: RHB Herb McIntyre 0-0: Called Strike
0-1: Foul Ball, location: 2F
0-2: Ball
1-2: Ball
2-2: Ball
3-2: Strikes out swinging
Bottom of the 3rd over - 3 runs, 3 hits, 0 errors, 1 left on base; Amarillo 6 - Madison 3
TOP OF THE 4TH
Amarillo ThunderHeads batting - Pitching for Madison Brewers : RHP Tom Wendel
Batting: SHB Zack Barton 0-0: Foul Ball, location: 2F
0-1: Fly out, F7 (Line Drive, 7, EV 98.8 MPH)
Batting: RHB Bryan Wheeler 0-0: Ball
1-0: Swinging Strike
1-1: Ball
2-1: Foul Ball, location: 2F
2-2: Ball
3-2: DOUBLE (Line Drive, 7LD, EV 110.0 MPH)
Batting: RHB Luis Reyna 0-0: Ball
1-0: Ground out 6-3 (Groundball, 6M, EV 105.0 MPH)
Bryan Wheeler to third
Batting: RHB Jerry Foster 0-0: SINGLE (Groundball, 6MD, EV 109.4 MPH)
Bryan Wheeler scores
Batting: RHB Elias Sagrero 0-0: Called Strike
0-1: Ball
1-1: Ball
2-1: Swinging Strike
2-2: Ball
3-2: Foul Ball, location: 2F
3-2: SINGLE (Line Drive, 8LS, EV 91.2 MPH)
Jerry Foster to second
Jerry Foster to third
Batting: RHB Luis Solorzano 0-0: Ball
1-0: Called Strike
1-1: Ball
2-1: Foul Ball, location: 2F
2-2: Fielders Choice at 2nd, 5-4 (Groundball, 56, EV 81.9 MPH)
Top of the 4th over - 1 run, 3 hits, 0 errors, 2 left on base; Amarillo 7 - Madison 3
BOTTOM OF THE 4TH
Madison Brewers batting - Pitching for Amarillo ThunderHeads : RHP Anastagio Fasola
Batting: RHB Chris Riddel 0-0: Ball
1-0: Foul Ball, location: 2F
1-1: Called Strike
1-2: Ball
2-2: SINGLE (Line Drive, 4D, EV 113.8 MPH)
Batting: RHB Cameron Rattenbury 0-0: Called Strike
0-1: Foul Ball, location: 2F
0-2: Ball
1-2: 2-RUN HOME RUN (Flyball, 78XD, EV 103.8 MPH), Distance : 403 ft
Batting: RHB Jesus Menjivar 0-0: Called Strike
0-1: SINGLE (Groundball, 34D, EV 95.6 MPH)
Batting: SHB Aaron Neill 0-0: Called Strike
0-1: Ball
1-1: Fielders Choice at 2nd, 3-6 (Groundball, 3, EV 78.8 MPH)
Batting: RHB Chris Fruit 0-0: Called Strike
0-1: Called Strike
0-2: Ball
Passed Ball!
Aaron Neill to second
1-2: Ball
2-2: Foul Ball, location: 2F
2-2: Strikes out swinging
Batting: LHB Steven Donovan 0-0: Called Strike
0-1: Fly out, F4 (Popup, 34S, EV 79.4 MPH)
Bottom of the 4th over - 2 runs, 3 hits, 0 errors, 1 left on base; Amarillo 7 - Madison 5
TOP OF THE 5TH
Amarillo ThunderHeads batting - Pitching for Madison Brewers : RHP Tom Wendel
Batting: RHB Ferdi Schipper 0-0: SOLO HOME RUN (Flyball, 7LD, EV 93.8 MPH), Distance : 337 ft
Pitching: LHP Tony Salazar
Batting: SHB Tyler Romo 0-0: Ball
1-0: Ball
2-0: Foul Ball, location: 2F
2-1: Swinging Strike
2-2: Ball
3-2: Foul Ball, location: 2F
3-2: Strikes out swinging
Batting: SHB Tim Rogers 0-0: Called Strike
0-1: Ball
1-1: Foul Ball, location: 2F
1-2: Ball
2-2: Strikes out looking
Batting: SHB Zack Barton 0-0: Swinging Strike
0-1: Ball
1-1: Foul Ball, location: 2F
1-2: Foul Ball, location: 2F
1-2: Fly out, F9 (Flyball, 89M, EV 90.0 MPH)
Top of the 5th over - 1 run, 1 hit, 0 errors, 0 left on base; Amarillo 8 - Madison 5
BOTTOM OF THE 5TH
Madison Brewers batting - Pitching for Amarillo ThunderHeads : RHP Anastagio Fasola
Batting: SHB Sam Bingham 0-0: Called Strike
0-1: Called Strike
0-2: Ball
1-2: Ball
2-2: Ball
3-2: Base on Balls
Batting: SHB Ramon Perez 0-0: Called Strike
Sam Bingham steals 2nd base
0-1: Ball
1-1: Ball
Wild Pitch!
Sam Bingham to third
2-1: DOUBLE (Line Drive, 78XD, EV 100.6 MPH)
Sam Bingham scores
Batting: RHB Herb McIntyre 0-0: Ball
1-0: Ball
2-0: Ball
3-0: Called Strike
3-1: Foul Ball, location: 2F
3-2: Strikes out swinging
Pitching: LHP Victor Carde
Batting: RHB Chris Riddel 0-0: Called Strike
0-1: Foul Ball, location: 2F
0-2: Foul Ball, location: 2F
0-2: Ball
Passed Ball!
Ramon Perez to third
1-2: Foul Ball, location: 2F
1-2: Strikes out looking
Batting: RHB Cameron Rattenbury 0-0: Called Strike
0-1: Swinging Strike
0-2: Foul Ball, location: 2F
0-2: Ball
1-2: Strikes out swinging
Bottom of the 5th over - 1 run, 1 hit, 0 errors, 1 left on base; Amarillo 8 - Madison 6
TOP OF THE 6TH
Amarillo ThunderHeads batting - Pitching for Madison Brewers : LHP Tony Salazar
Batting: RHB Bryan Wheeler 0-0: Ball
1-0: Ball
2-0: Swinging Strike
2-1: Called Strike
2-2: Foul Ball, location: 2F
2-2: Ball
3-2: Base on Balls
Batting: RHB Luis Reyna 0-0: Called Strike
0-1: Called Strike
0-2: Strikes out swinging
Batting: RHB Jerry Foster 0-0: Ball
1-0: Called Strike
1-1: Foul Ball, location: 2F
1-2: Strikes out swinging
Batting: RHB Elias Sagrero 0-0: Ball
1-0: Called Strike
1-1: Swinging Strike
1-2: Ball
2-2: Strikes out swinging
Top of the 6th over - 0 runs, 0 hits, 0 errors, 1 left on base; Amarillo 8 - Madison 6
BOTTOM OF THE 6TH
Madison Brewers batting - Pitching for Amarillo ThunderHeads : LHP Victor Carde
Batting: RHB Jesus Menjivar 0-0: Ball
1-0: Called Strike
1-1: SINGLE (Line Drive, 89S, EV 101.2 MPH)
Batting: SHB Aaron Neill 0-0: Called Strike
0-1: Foul Ball, location: 2F
0-2: Ball
1-2: Strikes out swinging
Batting: RHB Chris Fruit 0-0: Ball
1-0: Ball
2-0: Called Strike
2-1: Ball
3-1: Foul Ball, location: 2F
3-2: Fly out, F8 (Flyball, 8RS, EV 90.0 MPH)
Batting: SHB C.J. Olivares 0-0: Ball
1-0: Called Strike
1-1: Ball
2-1: Swinging Strike
2-2: Ball
3-2: Foul Ball, location: 2F
3-2: Strikes out swinging
Bottom of the 6th over - 0 runs, 1 hit, 0 errors, 1 left on base; Amarillo 8 - Madison 6
TOP OF THE 7TH
Amarillo ThunderHeads batting - Pitching for Madison Brewers : LHP Tony Salazar
Batting: RHB Luis Solorzano 0-0: Swinging Strike
0-1: Ball
1-1: Ball
2-1: Ball
3-1: Ground out U3 (Groundball, 34S, EV 80.6 MPH)
Batting: RHB Ferdi Schipper 0-0: Ball
1-0: Ground out U3 (Groundball, 3L, EV 83.8 MPH)
Batting: SHB Tyler Romo 0-0: Ball
1-0: Ground out 6-3 (Groundball, 6, EV 85.0 MPH)
Top of the 7th over - 0 runs, 0 hits, 0 errors, 0 left on base; Amarillo 8 - Madison 6
BOTTOM OF THE 7TH
Madison Brewers batting - Pitching for Amarillo ThunderHeads : LHP Victor Carde
Pitching: LHP Kevin Anderson
Batting: SHB Sam Bingham 0-0: Ball
1-0: Ground out 3-1 (Groundball, 34, EV 98.8 MPH)
Batting: SHB Ramon Perez 0-0: Foul Ball, location: 2F
0-1: Ball
1-1: Ball
2-1: SINGLE (Groundball, 4MD, EV 99.4 MPH)
Batting: RHB Herb McIntyre 0-0: Foul Ball, location: 2F
0-1: Foul Ball, location: 2F
0-2: Ball
1-2: Ball
2-2: Foul Ball, location: 2F
2-2: Fielders Choice at 2nd, 1-4 (Groundball, 15S, EV 67.5 MPH)
Batting: RHB Chris Riddel 0-0: Foul Ball, location: 2F
0-1: Ball
Passed Ball!
Herb McIntyre to second
1-1: Called Strike
1-2: Ball
2-2: Ground out 5-3 (Groundball, 56, EV 88.8 MPH)
Bottom of the 7th over - 0 runs, 1 hit, 0 errors, 1 left on base; Amarillo 8 - Madison 6
TOP OF THE 8TH
Amarillo ThunderHeads batting - Pitching for Madison Brewers : LHP Tony Salazar
Batting: SHB Tim Rogers 0-0: Called Strike
0-1: Foul Ball, location: 2F
0-2: Strikes out swinging
Batting: SHB Zack Barton 0-0: Ball
1-0: Ball
2-0: Ball
3-0: Called Strike
3-1: Called Strike
3-2: Base on Balls
Batting: RHB Bryan Wheeler 0-0: Foul Ball, location: 2F
0-1: Foul Ball, location: 2F
0-2: Ball
1-2: Foul Ball, location: 2F
1-2: Strikes out swinging
Batting: RHB Luis Reyna 0-0: Ball
1-0: 2-RUN HOME RUN (Flyball, 7D, EV 100.0 MPH), Distance : 369 ft
Pitching: RHP Alfredo Sena
Batting: RHB Jerry Foster 0-0: Called Strike
0-1: Ball
1-1: Fly out, F8 (Flyball, 8RM, EV 91.2 MPH)
Top of the 8th over - 2 runs, 1 hit, 0 errors, 0 left on base; Amarillo 10 - Madison 6
BOTTOM OF THE 8TH
Madison Brewers batting - Pitching for Amarillo ThunderHeads : LHP Kevin Anderson
Batting: RHB Cameron Rattenbury 0-0: Ball
1-0: Called Strike
1-1: Ball
2-1: Ball
3-1: Swinging Strike
3-2: Ground out 1-3 (Groundball, 34S, EV 67.5 MPH)
Pinch Hitting: SHB Jerry Duffy 0-0: Ball
1-0: Called Strike
1-1: Ball
2-1: Foul Ball, location: 2F
2-2: Fly out, F7 (Flyball, 7LS, EV 78.8 MPH)
Batting: SHB Aaron Neill 0-0: Foul Ball, location: 2F
0-1: Foul Ball, location: 2F
0-2: Strikes out swinging, 2-3 out at first.
Bottom of the 8th over - 0 runs, 0 hits, 0 errors, 0 left on base; Amarillo 10 - Madison 6
TOP OF THE 9TH
Amarillo ThunderHeads batting - Pitching for Madison Brewers : RHP Alfredo Sena
Now in CF: Sal Burgos
Batting: RHB Elias Sagrero 0-0: Ball
1-0: Ball
2-0: Swinging Strike
2-1: Ball
3-1: Foul Ball, location: 2F
3-2: Base on Balls
Batting: RHB Luis Solorzano 0-0: Called Strike
0-1: SINGLE (Line Drive, 89S, EV 100.6 MPH)
Elias Sagrero to second
Batting: RHB Ferdi Schipper 0-0: SINGLE (Line Drive, 8RS, EV 86.2 MPH)
Elias Sagrero to third
Luis Solorzano to second
Pinch Hitting: LHB Santino Pisanello 0-0: Ball
1-0: Fielders Choice at 3rd, U5 (Groundball, 5L, EV 99.4 MPH)
Elias Sagrero scores
Ferdi Schipper to second
Batting: SHB Tim Rogers 0-0: Ball
1-0: Ball
2-0: Ball
3-0: Base on Balls
Ferdi Schipper to third
Santino Pisanello to second
Batting: SHB Zack Barton 0-0: SINGLE (Groundball, 56D, EV 100.6 MPH)
Ferdi Schipper scores
Santino Pisanello to third
Tim Rogers to second
Runner from 3rd tries for Home, SAFE, throw by LF to home
Pinch Hitting: RHB Ron Squires 0-0: Called Strike
0-1: Swinging Strike
0-2: Ball
1-2: SINGLE (Groundball, 6MD, EV 101.2 MPH)
Tim Rogers to third
Zack Barton to second
Runner from 3rd tries for Home, SAFE, throw by CF to home
Pinch Hitting: RHB Josh Shoemaker 0-0: Ball
1-0: Ball
2-0: Called Strike
2-1: Ball
3-1: Base on Balls
Zack Barton to third
Ron Squires to second
Batting: RHB Jerry Foster 0-0: Ball
Wild Pitch!
Zack Barton scores
Ron Squires to third
Josh Shoemaker to second
1-0: Ball
2-0: Fly out, F8 (Line Drive, 8RD, EV 97.5 MPH)
Runner from 3rd tags up, SCORES, throw by CF
Pitching: RHP Nick Moore
Batting: RHB Elias Sagrero 0-0: Ball
1-0: Ball
2-0: Ball
3-0: Base on Balls
Pinch Hitting: RHB Jose Barboza 0-0: Ball
1-0: Called Strike
1-1: Called Strike
1-2: DOUBLE (Flyball, 9LM, EV 96.9 MPH)
Josh Shoemaker scores
Elias Sagrero to third
Batting: RHB Ferdi Schipper 0-0: Ball
1-0: Swinging Strike
1-1: Foul Ball, location: 2F
1-2: Fly out, F9 (Flyball, 9LS, EV 90.0 MPH)
Top of the 9th over - 7 runs, 5 hits, 0 errors, 2 left on base; Amarillo 17 - Madison 6
BOTTOM OF THE 9TH
Madison Brewers batting - Pitching for Amarillo ThunderHeads : LHP Kevin Anderson
Now at 1B: Kelly Cole
Now at 2B: Ron Squires
Now at 3B: Jose Barboza
Now in RF: Santino Pisanello
Pinch Hitting: RHB Todd Massad 0-0: SINGLE (Line Drive, 8RS, EV 94.4 MPH)
Batting: SHB C.J. Olivares 0-0: Ball
1-0: Foul Ball, location: 2F
1-1: Ball
2-1: Fly out, F8 (Flyball, 89M, EV 85.6 MPH)
Batting: SHB Sam Bingham 0-0: Ball
1-0: Ball
2-0: SINGLE (Groundball, 6M, EV 100.0 MPH) (infield hit)
Todd Massad to second
Batting: SHB Ramon Perez 0-0: Called Strike
0-1: Ball
1-1: Ball
2-1: Foul Ball, location: 2F
2-2: Foul Ball, location: 2F
2-2: Strikes out swinging
Pitching: RHP Bryan Bennett
Pinch Hitting: LHB Danny Bautista 0-0: Ball
1-0: Foul Ball, location: 2F
1-1: SINGLE (Groundball, 4MD, EV 101.2 MPH)
Todd Massad to third
Sam Bingham to second
Batting: RHB Chris Riddel 0-0: SINGLE (Line Drive, 9S, EV 104.4 MPH)
Todd Massad scores
Sam Bingham to third
Danny Bautista to second
Batting: RHB Cameron Rattenbury 0-0: Called Strike
0-1: Swinging Strike
0-2: Foul Ball, location: 2F
0-2: Ball
1-2: Fielders Choice at 2nd, 6-4 (Groundball, 6, EV 91.9 MPH)
Bottom of the 9th over - 1 run, 4 hits, 0 errors, 3 left on base; Amarillo 17 - Madison 7
Wednesday, June 22nd , 2022 - OOTP Baseball 23.4 Build 64